 Dungeon Crawl Stone Soup version 0.30-a0-358-g0d69a1922f (webtiles) character file.

Game seed: 4826126342736214670

65 Elric the Cudgeller (level 3, -8/31 HPs)
             Began as a Draconian Fighter on Nov 9, 2022.
             Mangled by Sigmund
             ... wielding a +0 scythe
              (10 damage)
             ... on level 3 of the Dungeon.
             The game lasted 00:03:08 (1930 turns).

Elric the Cudgeller (Draconian Fighter)             Turns: 1930, Time: 00:03:09

Health: -8/31      AC:  7    Str: 17 (20) XL:     3   Next: 94%
Magic:  3/3        EV: 15    Int:  6 (8)  God:
Gold:   125        SH:  4    Dex:  8 (10) Spells: 2/2 levels left

rFire   + . .      SeeInvis .    a - +0 flail (vamp)
rCold   . . .      Faith    .    b - +0 buckler
rNeg    . . .      Spirit   .    (body armour unavailable)
rPois   .          Reflect  .    (helmet restricted)
rElec   .          Harm     .    i - +0 cloak
rCorr   .          Rampage  .    (no gloves)
Will    .....                    h - +0 pair of boots
Stlth   +.........               (no amulet)
HPRegen 0.25/turn                r - ring of protection from fire
MPRegen 0.08/turn                g - +4 ring of evasion

@: no status effects
A: AC +5, unfitting armour, cold-blooded
a: no special abilities


You were on level 3 of the Dungeon.
You visited 1 branch of the dungeon, and saw 3 of its levels.

You collected 125 gold pieces.

Inventory:

Hand Weapons
 a - a +0 vampiric flail (weapon)
Missiles
 e - 4 javelins (quivered)
Armour
 b - a +0 buckler (worn)
 h - a +0 pair of boots (worn)
 i - a +0 cloak (worn)
Jewellery
 f - a +6 ring of intelligence
 g - a +4 ring of evasion (right hand)
 r - a ring of protection from fire (left hand)
Scrolls
 m - 4 scrolls of identify {unknown}
 p - a scroll of enchant armour {unknown}
 q - a scroll of enchant weapon {unknown}
 s - a scroll of teleportation {unknown}
 u - a scroll of immolation {unknown}
Potions
 t - a potion of attraction


   Skills:
 - Level 3.2 Fighting
 + Level 4.3 Maces & Flails
 - Level 2.6 Dodging
 - Level 3.0 Shields


You had 2 spell levels left.
You didn't know any spells.
Your spell library was empty.

Dungeon Overview and Level Annotations

Branches:
Dungeon (3/15)

Altars:

Annotations:
D:3 Sigmund


Innate Abilities, Weirdness & Mutations

Your plain brown scales are hard. (AC +5)
You cannot fit into any form of body armour.
You are cold-blooded and may be slowed by cold attacks.


Message History

You bump into the rock wall.
Something hits you.
* * * LOW HITPOINT WARNING * * *
You bump into the rock wall.
Something hits you.
* * * LOW HITPOINT WARNING * * *
It was a potion of cancellation.
Your magical effects are unravelling.
You feel magically purged.
You feel less confused.
You feel a little less mighty now.
You feel less attractive to monsters.
It was a potion of heal wounds.
You feel much better. Something barely misses you.
You miss something.
Your tail-slap misses something.
Something hits you!
You miss something. Something hits you.
You sock something!
It was a potion of curing.
You feel better. Something hits you!
You miss something. Something hits you.
You miss something. Something hits you but does no damage.
You closely miss something.
Your tail-slap misses something.
You hit something. Something hits you but does no damage.
Hit: a) +0 flail
Press: ? - help, Dir - move target, f - you
Okay, then.
As you read the scroll labelled SEVOTHR XAIHEOX, it crumbles to dust.
It is a scroll of brand weapon.
Your +0 flail thirsts for the lives of mortals!
a - a +0 vampiric flail (weapon)
You block something's attack.
You miss something. You tail-slap something. Something barely misses you.
You miss something.
Your tail-slap misses something.
You block something's attack.
You closely miss something. You closely miss something. Something hits you!
* * * LOW HITPOINT WARNING * * *
You miss something.
You hear some strange, mumbled words.
A magic dart appears from out of thin air!
The magic dart hits you.
* * * LOW HITPOINT WARNING * * *
You closely miss something. Something hits you!
You die...

.# ####.....#
#.#######...##
#..........##
##########.#
#......#
#.###### #.#
#.# #@#
.#######{##
..........#
.#######.##
###


There were no monsters in sight!

Vanquished Creatures
  2 adders (D:2)
  A dart slug (D:2)
  3 endoplasms
  A giant cockroach (D:1)
  7 goblins
  3 hobgoblins
  10 jackals
  3 kobolds (D:2)
  2 ball pythons
  5 bats
  A frilled lizard (D:1)
  A rat (D:1)
39 creatures vanquished.

Notes
Turn   | Place    | Note
-------+----------+-------------------------------------------
     0 | D:1      | Elric the Draconian Fighter began the quest for the Orb.
     0 | D:1      | Reached XP level 1. HP: 19/19 MP: 1/1
   170 | D:1      | Found a faded altar of an unknown god.
   194 | D:1      | Reached XP level 2. HP: 24/26 MP: 2/2
   276 | D:1      | Reached skill level 3 in Maces & Flails
   977 | D:2      | Reached XP level 3. HP: 31/31 MP: 3/3
  1253 | D:2      | Reached skill level 4 in Maces & Flails
  1893 | D:3      | Noticed Sigmund
  1930 | D:3      | Mangled by Sigmund

Illustrated notes

Levels and vault maps discovered:
D:1:      eino_arrival_cavern_a, layout_basic,
          hellmonk_ecumenical_altar_lost_god
D:2:      layout_loops_ring, minmay_domino_2
D:3:      layout_loops_corners, uniq_sigmund

Skill      XL: |  1  2  3 |
---------------+----------+-----
Maces & Flails | 3 4 |  4.3
Fighting       | |  3.2
Dodging        | |  2.6
Shields        | |  3.0

Action                   || total
-------------------------++-------
Melee: Flail             ||   130
       Tailslap          ||    11
Throw: Javelin           ||     2
  Use: Potion            ||     7
       Scroll            ||     1
 Stab: Sleeping          ||     1
Armor: Skin              ||    55
Dodge: Dodged            ||   120
Block: Buckler           ||    37

Table legend: (Time is in decaauts)
 A = Elapsed time spent in this place.
 B = Non-inter-level travel time spent in this place.
 C = Inter-level travel time spent in this place.
 D = Time resting spent in this place.
 E = Time spent auto-exploring this place.
 F = Levels seen in this place.
 G = Mean time per level.
                   A        B        C        D        E       F      G
               +--------+--------+--------+--------+--------+-----+--------+
         Total |   1969 |   1879 |     90 |    100 |   1442 |   3 |  656.3 |
       Dungeon |   1969 |   1879 |     90 |    100 |   1442 |   3 |  656.3 |
               +--------+--------+--------+--------+--------+-----+--------+

Top non-repeatable levels by time:
     D:1: 965 daAuts
     D:2: 817 daAuts
     D:3: 186 daAuts
